Map: 블루시프트 - 래더

Players

MarineLorD

  • Race: Terran Terran
  • League: Master
  • Spawn Location: 1:00

Rogue - Winner!

  • Race: Zerg Zerg
  • Spawn Location: 7:00

Event: HomeStory Cup XVIII

VOD

Have the link to the VOD?

Description

Time

  • Played on: Nov. 22, 2018, 11:03 a.m.
  • Length: 3:46

All games in this series

Show
View Real Time Build Order
Export as new Build Order

MarineLorD Terran 

Build Orders:  

Get SALT Encoding   

  12  0:00  SCV  
  13  0:12  SCV  
  14  0:17  Supply Depot  
  14  0:39  Barracks  
  14  0:49  Barracks  
  14  1:00  Barracks  
  14  1:05  SCV  
  15  1:17  SCV  
  16  1:25  Marine  
  16  1:30  Orbital Command  
  17  1:36  Marine  
  18  1:43  Marine  
  19  1:48  Marine  
  20  1:54  Marine  
  20  1:56  Supply Depot  
  21  2:06  Marine  
  22  2:09  Supply Depot  
  22  2:10  SCV  
  23  2:19  Marine x2  
  23  2:22  SCV  
  26  2:28  Marine  
  26  2:34  SCV  
  27  2:40  Marine x2  
  29  2:46  SCV  
  29  2:47  Supply Depot  
  29  2:50  Marine  
  31  2:57  Marine  
  31  3:00  SCV  
  32  3:10  Marine  
  32  3:12  Marine  
  31  3:15  Marine  
Show
View Real Time Build Order
Export as new Build Order

Rogue Zerg - Winner!

Build Orders: Pool Only 

Get SALT Encoding   

  12  0:18  Spawning Pool  
  11  0:21  Drone  
  11  0:26  Drone  
  13  0:31  Drone  
  13  0:35  Extractor  
  13  0:37  Drone  
  13  0:41  Extractor  
  13  0:45  Drone  
  14  1:05  Roach Warren  
  14  1:06  Zergling x2  
  14  1:11  Overlord  
  14  1:21  Overlord  
  14  1:48  Roach  
  14  1:49  Roach x2  
  20  1:59  Roach  
  22  2:11  Ravager x2  
  24  2:17  Roach  
  24  2:21  Ravager  
  27  2:29  Roach  
  29  2:39  Ravager  
  30  2:44  Overlord  
  30  3:04  Roach  
  30  3:05  Roach  
  34  3:18  Roach  
Tags
 
Add a new tag
Caveats
  • Supply blocks, unpowered buildings, or Contaminate may cause inaccurate times.
  • Supply counts are checked every 10 seconds.